Wild vs Predators

Created - April 18 2007 at 19:14

Goals
1 2 3 T
Wild 1 3 0 4
Predators 0 1 1 2
Shots
1 2 3 T
Wild 12 15 4 31
Predators 8 6 10 24

Period #1

1. Wild , Keith Carney 2 (Alexei Kovalev, Martin Skoula) at 8:30

Penalities :
Mark Recchi (MIN) for Roughing (Minor) at 1:05, Marek Zidlicky (NSH) for Clipping (Minor) at 3:13, Nick Schultz (MIN) for Hooking (Minor) at 3:13, Derek Morris (NSH) for Holding (Minor) at 10:16, Martin Erat (NSH) for Charging (Minor) at 12:21

Period #2

2. Wild , Pavol Demitra 2 (Brian Rolston) at 0:08
3. Predators , Todd Bertuzzi 1 (Marek Zidlicky) at 2:14
4. Wild , Pavol Demitra 3 (Kim Johnsson, Marian Gaborik) at 10:55
5. Wild , Alexei Kovalev 3 (Pavol Demitra) at 17:01 (PP)

Penalities :
David Legwand (NSH) for Cross-checking (Minor) at 3:16, Kim Johnsson (MIN) for Slashing (Minor) at 3:16, Eric Brewer (MIN) for Cross-checking (Minor) at 5:25, Mike Grier (NSH) for Charging (Minor) at 7:26, Shea Weber (NSH) for Tripping (Minor) at 11:37, Mark Recchi (MIN) for Hooking (Minor) at 12:56, Darcy Hordichuk (NSH) for Delaying the game (Minor) at 15:14

Period #3

6. Predators , Paul Kariya 4 (Tomas Kaberle, Derek Morris) at 15:43 (PP)

Penalities :
Scott Hartnell (NSH) for Kneeing (Major) at 1:08, Nick Schultz (MIN) for Cross-checking (Minor) at 13:48, David Legwand (NSH) for Charging (Minor) at 17:15, Shea Weber (NSH) for Kneeing (Major) at 19:48

Goalie Stats

Manny Fernandez (MIN), 22 saves from 24 shots - (0.917), W, 5-0-0, 60:00 minutes
Tomas Vokoun (NSH), 27 saves from 31 shots - (0.871), L, 3-3-1, 60:00 minutes

Players Stats

Wild
Player Name              G  A  P  +/- PIM S  H  SB FO MP 
-----------------------------------------------------------
Alexei Kovalev           1  1  2   1  0   4  0  0  2  23 
Brent Burns              0  0  0   0  0   0  0  0  0  8  
Brian Rolston            0  1  1   1  0   1  0  0  11 18 
Eric Brewer              0  0  0   0  2   0  2  0  0  18 
Gary Roberts             0  0  0   0  0   0  0  0  0  4  
Keith Carney             1  0  1   1  0   3  2  1  0  21 
Kim Johnsson             0  1  1   1  2   2  0  1  0  19 
Lubomir Visnovsky        0  0  0   1  0   2  1  1  0  23 
Marian Gaborik           0  1  1   1  0   3  0  0  7  21 
Mark Recchi              0  0  0   0  4   3  0  0  2  20 
Martin Rucinsky          0  0  0   1  0   3  0  1  1  19 
Martin Skoula            0  1  1   1  0   0  2  0  0  20 
Martin Straka            0  0  0   1  0   2  0  0  23 22 
Mikael Samuelsson        0  0  0   0  0   0  0  0  0  3  
Nick Schultz             0  0  0   0  4   0  1  1  0  16 
Pavol Demitra            2  1  3   1  0   5  0  0  22 22 
Pierre-Marc Bouchard     0  0  0   0  0   1  0  0  0  11 
Wes Walz                 0  0  0   0  0   2  0  1  15 17 
Predators
Player Name              G  A  P  +/- PIM S  H  SB FO MP 
-----------------------------------------------------------
Brad Boyes               0  0  0  -2  0   2  0  0  1  12 
Darcy Hordichuk          0  0  0  -1  2   0  2  0  1  6  
David Legwand            0  0  0   1  4   3  5  0  21 17 
Derek Morris             0  1  1  -3  2   1  2  1  0  22 
Jason Arnott             0  0  0  -2  0   2  1  0  11 15 
Keith Primeau            0  0  0  -1  0   0  0  0  17 12 
Kimmo Timonen            0  0  0  -3  0   1  1  1  0  25 
Marek Zidlicky           0  1  1   1  2   3  0  2  0  16 
Martin Erat              0  0  0   1  2   1  0  0  0  11 
Mike Grier               0  0  0  -1  2   0  2  0  0  13 
Paul Kariya              1  0  1  -2  0   2  0  0  2  18 
Scott Hartnell           0  0  0   0  5   1  0  0  0  12 
Shea Weber               0  0  0   0  7   1  1  2  0  20 
Steve Sullivan           0  0  0   0  0   3  0  0  1  20 
Todd Bertuzzi            1  0  1   1  0   3  1  0  14 23 
Tomas Kaberle            0  1  1   1  0   0  0  3  0  21 
Yanic Perreault          0  0  0   0  0   0  0  0  15 11 
Zbynek Michalek          0  0  0   0  0   1  0  4  0  21 

3 Stars

1 - Pavol Demitra (MIN)
2 - Alexei Kovalev (MIN)
3 - Keith Carney (MIN)

Power Play

Wild - 1 on 8 Attempt(s) - 12.50%
Predators - 1 on 4 Attempt(s) - 25.00%

Penalty Kill

Wild - 3 on 4 Attempt(s) - 75.00% - Score 0 goal in Penalty Kill
Predators - 7 on 8 Attempt(s) - 87.50% - Score 0 goal in Penalty Kill

Game Notes

No Game Note

Finance

Level 1 -- Attendance: 6000 (100.00%) -- Ticket Income $480,000.00
Level 2 -- Attendance: 4000 (100.00%) -- Ticket Income $208,000.00
Level 3 -- Attendance: 2113 (100.00%) -- Ticket Income $63,390.00
Level 4 -- Attendance: 4000 (100.00%) -- Ticket Income $80,000.00
Luxury Box -- Attendance: 1000 (100.00%) -- Ticket Income $135,000.00
Game was played at the Gaylord Entertainment Center
Total Attendance: 17113 (100.00%)
Total Ticket Income: $991,182.90
Other Income: $297,354.86
Total Income: $1,288,538.00


Play by Play

Period #1

0:01 of 1st period - Marian Gaborik wins face-off versus Jason Arnott in neutral zone.
0:36 of 1st period - Shot by Paul Kariya.
0:36 of 1st period - Stopped by Manny Fernandez without a rebound.
0:37 of 1st period - David Legwand wins face-off versus Martin Rucinsky in Wild zone.
0:48 of 1st period - Shot by Martin Erat.
0:48 of 1st period - Stopped by Manny Fernandez with a rebound.
0:49 of 1st period - Shot by Marek Zidlicky.
0:49 of 1st period - Shot Misses the Net.
0:50 of 1st period - Shot by Marek Zidlicky.
0:50 of 1st period - Shot Misses the Net.
0:53 of 1st period - Shot by David Legwand.
0:53 of 1st period - Shot Misses the Net.
0:54 of 1st period - Shot by Marek Zidlicky.
0:54 of 1st period - Stopped by Manny Fernandez without a rebound.
0:55 of 1st period - Martin Straka wins face-off versus Yanic Perreault in Wild zone.
1:05 of 1st period - Minor Penalty to Mark Recchi for Roughing.
1:06 of 1st period - Jason Arnott wins face-off versus Brian Rolston in neutral zone.
1:29 of 1st period - Shot by Jason Arnott.
1:29 of 1st period - Stopped by Manny Fernandez with a rebound.
1:58 of 1st period - Shot by Steve Sullivan.
1:58 of 1st period - Stopped by Manny Fernandez with a rebound.
1:59 of 1st period - Shot by Shea Weber.
1:59 of 1st period - Stopped by Manny Fernandez without a rebound.
2:00 of 1st period - David Legwand wins face-off versus Wes Walz in Wild zone.
2:42 of 1st period - Off-side.
2:43 of 1st period - Pavol Demitra wins face-off versus Jason Arnott in neutral zone.
3:13 of 1st period - Minor Penalty to Marek Zidlicky for Clipping.
3:13 of 1st period - Minor Penalty to Nick Schultz for Hooking.
3:14 of 1st period - Todd Bertuzzi wins face-off versus Marian Gaborik in Wild zone.
3:25 of 1st period - Shot by Martin Straka.
3:25 of 1st period - Deflect By Marian Gaborik.
3:25 of 1st period - Shot Blocked by Zbynek Michalek.
4:23 of 1st period - David Legwand is hit by Lubomir Visnovsky and loses puck.
5:35 of 1st period - Shot by Martin Straka.
5:35 of 1st period - Stopped by Tomas Vokoun without a rebound.
5:36 of 1st period - Wes Walz wins face-off versus Keith Primeau in Predators zone.
5:59 of 1st period - Shot by Marian Gaborik.
5:59 of 1st period - Shot Misses the Net.
6:33 of 1st period - Steve Sullivan is hit by Eric Brewer and loses puck.
6:38 of 1st period - Icing by Zbynek Michalek.
6:39 of 1st period - Yanic Perreault wins face-off versus Martin Straka in Predators zone.
6:55 of 1st period - Pierre-Marc Bouchard is hit by Shea Weber and loses puck.
7:56 of 1st period - Pavol Demitra is hit by Jason Arnott and loses puck.
8:19 of 1st period - Martin Straka is hit by Kimmo Timonen and loses puck.
8:27 of 1st period - Shot by Alexei Kovalev.
8:27 of 1st period - Stopped by Tomas Vokoun with a rebound.
8:28 of 1st period - Shot by Keith Carney.
8:28 of 1st period - Shot Misses the Net.
8:29 of 1st period - Shot by Keith Carney.
8:29 of 1st period - Deflect By Alexei Kovalev.
8:29 of 1st period - Shot Blocked by Derek Morris.
8:30 of 1st period - Shot by Keith Carney.
8:30 of 1st period - Goal by Keith Carney - Wild : 1 - Predators : 0.
8:31 of 1st period - Yanic Perreault wins face-off versus Brian Rolston in neutral zone.
8:33 of 1st period - Off-side.
8:34 of 1st period - Mark Recchi wins face-off versus Yanic Perreault in neutral zone.
8:41 of 1st period - Shot by Mark Recchi.
8:41 of 1st period - Stopped by Tomas Vokoun without a rebound.
8:42 of 1st period - Brian Rolston wins face-off versus David Legwand in Predators zone.
8:45 of 1st period - Shot by Mark Recchi.
8:45 of 1st period - Deflect By Mikael Samuelsson.
8:45 of 1st period - Shot Blocked by Tomas Kaberle.
8:46 of 1st period - Shot by Eric Brewer.
8:46 of 1st period - Shot Blocked by Marek Zidlicky.
8:47 of 1st period - Shot by Nick Schultz.
8:47 of 1st period - Shot Misses the Net.
8:50 of 1st period - Shot by Brian Rolston.
8:50 of 1st period - Shot Blocked by Tomas Kaberle.
10:16 of 1st period - Minor Penalty to Derek Morris for Holding.
10:17 of 1st period - Pavol Demitra wins face-off versus Keith Primeau in Wild zone.
10:54 of 1st period - Shot by Brian Rolston.
10:54 of 1st period - Stopped by Tomas Vokoun without a rebound.
10:55 of 1st period - Martin Straka wins face-off versus Todd Bertuzzi in Predators zone.
11:10 of 1st period - Shot by Mark Recchi.
11:10 of 1st period - Stopped by Tomas Vokoun without a rebound.
11:11 of 1st period - Martin Straka wins face-off versus Keith Primeau in Predators zone.
11:28 of 1st period - Shot by Mark Recchi.
11:28 of 1st period - Shot Misses the Net.
11:29 of 1st period - Shot by Mark Recchi.
11:29 of 1st period - Stopped by Tomas Vokoun without a rebound.
11:30 of 1st period - Pavol Demitra wins face-off versus Todd Bertuzzi in Predators zone.
11:42 of 1st period - Marian Gaborik is hit by Todd Bertuzzi and loses puck.
12:16 of 1st period - Shot by Martin Rucinsky.
12:16 of 1st period - Shot Misses the Net.
12:17 of 1st period - Shot by Keith Carney.
12:17 of 1st period - Stopped by Tomas Vokoun with a rebound.
12:20 of 1st period - Shot by Pierre-Marc Bouchard.
12:20 of 1st period - Shot Misses the Net.
12:21 of 1st period - Shot by Keith Carney.
12:21 of 1st period - Stopped by Tomas Vokoun without a rebound.
12:21 of 1st period - Minor Penalty to Martin Erat for Charging.
12:22 of 1st period - Keith Primeau wins face-off versus Martin Straka in Predators zone.
12:23 of 1st period - Todd Bertuzzi wins face-off versus Martin Straka in Predators zone.
12:31 of 1st period - Martin Rucinsky is hit by Derek Morris and loses puck.
13:29 of 1st period - Shot by Alexei Kovalev.
13:29 of 1st period - Shot Blocked by Kimmo Timonen.
13:38 of 1st period - Shot by Pavol Demitra.
13:38 of 1st period - Shot Misses the Net.
13:39 of 1st period - Shot by Kim Johnsson.
13:39 of 1st period - Deflect By Marian Gaborik.
13:39 of 1st period - Shot Misses the Net.
14:30 of 1st period - Shot by Martin Straka.
14:30 of 1st period - Shot Blocked by Marek Zidlicky.
15:18 of 1st period - Icing by Scott Hartnell.
15:19 of 1st period - Yanic Perreault wins face-off versus Pavol Demitra in Predators zone.
15:23 of 1st period - Icing by Scott Hartnell.
15:24 of 1st period - Pavol Demitra wins face-off versus Yanic Perreault in Predators zone.
15:27 of 1st period - Shot by Marian Gaborik.
15:27 of 1st period - Shot Misses the Net.
15:30 of 1st period - Shot by Pavol Demitra.
15:30 of 1st period - Shot Misses the Net.
15:31 of 1st period - Shot by Kim Johnsson.
15:31 of 1st period - Stopped by Tomas Vokoun without a rebound.
15:32 of 1st period - Wes Walz wins face-off versus Jason Arnott in Predators zone.
15:48 of 1st period - Off-side.
15:49 of 1st period - Pavol Demitra wins face-off versus David Legwand in neutral zone.
16:00 of 1st period - Shot by Marian Gaborik.
16:00 of 1st period - Stopped by Tomas Vokoun without a rebound.
16:01 of 1st period - Keith Primeau wins face-off versus Marian Gaborik in Predators zone.
16:06 of 1st period - Shot by Pavol Demitra.
16:06 of 1st period - Shot Misses the Net.
17:06 of 1st period - Tomas Kaberle is hit by Martin Skoula and loses puck.
17:21 of 1st period - Martin Rucinsky is hit by David Legwand and loses puck.
18:07 of 1st period - Shot by Steve Sullivan.
18:07 of 1st period - Deflect By Scott Hartnell.
18:07 of 1st period - Stopped by Manny Fernandez without a rebound.
18:08 of 1st period - Steve Sullivan wins face-off versus Martin Straka in Wild zone.
19:15 of 1st period - Shot by Brad Boyes.
19:15 of 1st period - Stopped by Manny Fernandez without a rebound.
19:16 of 1st period - Brian Rolston wins face-off versus Keith Primeau in Wild zone.
19:23 of 1st period - Shot by Pavol Demitra.
19:23 of 1st period - Stopped by Tomas Vokoun without a rebound.
19:24 of 1st period - Keith Primeau wins face-off versus Pavol Demitra in Predators zone.

Period #2

0:01 of 2nd period - Brian Rolston wins face-off versus Jason Arnott in neutral zone.
0:08 of 2nd period - Shot by Pavol Demitra.
0:08 of 2nd period - Goal by Pavol Demitra - Wild : 2 - Predators : 0.
0:09 of 2nd period - Wes Walz wins face-off versus David Legwand in neutral zone.
0:37 of 2nd period - Icing by Martin Skoula.
0:38 of 2nd period - Jason Arnott wins face-off versus Wes Walz in Wild zone.
0:51 of 2nd period - Shot by Alexei Kovalev.
0:51 of 2nd period - Stopped by Tomas Vokoun without a rebound.
0:52 of 2nd period - Pavol Demitra wins face-off versus Yanic Perreault in Predators zone.
1:03 of 2nd period - Shot by Pavol Demitra.
1:03 of 2nd period - Shot Misses the Net.
1:04 of 2nd period - Shot by Kim Johnsson.
1:04 of 2nd period - Stopped by Tomas Vokoun without a rebound.
1:05 of 2nd period - Martin Straka wins face-off versus Brad Boyes in Predators zone.
2:14 of 2nd period - Shot by Todd Bertuzzi.
2:14 of 2nd period - Goal by Todd Bertuzzi - Wild : 2 - Predators : 1.
2:15 of 2nd period - Yanic Perreault wins face-off versus Wes Walz in neutral zone.
2:26 of 2nd period - Shot by Scott Hartnell.
2:26 of 2nd period - Shot Blocked by Wes Walz.
2:54 of 2nd period - Off-side.
2:55 of 2nd period - Pavol Demitra wins face-off versus David Legwand in neutral zone.
2:55 of 2nd period - Brian Rolston is hit by David Legwand and loses puck.
3:16 of 2nd period - Minor Penalty to David Legwand for Cross-checking.
3:16 of 2nd period - Minor Penalty to Kim Johnsson for Slashing.
3:17 of 2nd period - Todd Bertuzzi wins face-off versus Martin Straka in Predators zone.
3:24 of 2nd period - Shot by Tomas Kaberle.
3:24 of 2nd period - Shot Blocked by Keith Carney.
4:00 of 2nd period - Icing by Nick Schultz.
4:01 of 2nd period - Pavol Demitra wins face-off versus Paul Kariya in Wild zone.
4:22 of 2nd period - Shot by Pavol Demitra.
4:22 of 2nd period - Shot Misses the Net.
4:25 of 2nd period - Shot by Alexei Kovalev.
4:25 of 2nd period - Deflect By Pavol Demitra.
4:25 of 2nd period - Stopped by Tomas Vokoun without a rebound.
4:26 of 2nd period - Martin Straka wins face-off versus Jason Arnott in Predators zone.
4:26 of 2nd period - Marian Gaborik is hit by Derek Morris and loses puck.
4:40 of 2nd period - Shot by Marian Gaborik.
4:40 of 2nd period - Shot Misses the Net.
5:20 of 2nd period - Steve Sullivan is hit by Eric Brewer and loses puck.
5:25 of 2nd period - Minor Penalty to Eric Brewer for Cross-checking.
5:26 of 2nd period - Pavol Demitra wins face-off versus David Legwand in Wild zone.
6:04 of 2nd period - Icing by David Legwand.
6:05 of 2nd period - Wes Walz wins face-off versus David Legwand in Predators zone.
6:06 of 2nd period - Shot by Brian Rolston.
6:06 of 2nd period - Shot Misses the Net.
7:26 of 2nd period - Minor Penalty to Mike Grier for Charging.
7:27 of 2nd period - Martin Straka wins face-off versus Keith Primeau in Wild zone.
7:58 of 2nd period - Shot by Martin Straka.
7:58 of 2nd period - Deflect By Martin Rucinsky.
7:58 of 2nd period - Shot Misses the Net.
8:03 of 2nd period - Shot by Mark Recchi.
8:03 of 2nd period - Deflect By Martin Straka.
8:03 of 2nd period - Stopped by Tomas Vokoun with a rebound.
8:04 of 2nd period - Shot by Martin Rucinsky.
8:04 of 2nd period - Stopped by Tomas Vokoun with a rebound.
8:28 of 2nd period - Icing by Marian Gaborik.
8:29 of 2nd period - Pavol Demitra wins face-off versus Todd Bertuzzi in Wild zone.
8:50 of 2nd period - Shot by Alexei Kovalev.
8:50 of 2nd period - Shot Blocked by Zbynek Michalek.
9:23 of 2nd period - Shot by Martin Rucinsky.
9:23 of 2nd period - Stopped by Tomas Vokoun without a rebound.
9:24 of 2nd period - Keith Primeau wins face-off versus Brian Rolston in Predators zone.
9:52 of 2nd period - Icing by Jason Arnott.
9:53 of 2nd period - David Legwand wins face-off versus Martin Straka in Predators zone.
10:49 of 2nd period - Pavol Demitra is hit by Darcy Hordichuk and loses puck.
10:55 of 2nd period - Shot by Pavol Demitra.
10:55 of 2nd period - Goal by Pavol Demitra - Wild : 3 - Predators : 1.
10:56 of 2nd period - Wes Walz wins face-off versus Yanic Perreault in neutral zone.
11:05 of 2nd period - Shot by Martin Rucinsky.
11:05 of 2nd period - Stopped by Tomas Vokoun without a rebound.
11:06 of 2nd period - Yanic Perreault wins face-off versus Marian Gaborik in Predators zone.
11:08 of 2nd period - Icing by Steve Sullivan.
11:09 of 2nd period - Wes Walz wins face-off versus Yanic Perreault in Predators zone.
11:37 of 2nd period - Minor Penalty to Shea Weber for Tripping.
11:38 of 2nd period - Pavol Demitra wins face-off versus Keith Primeau in Wild zone.
12:56 of 2nd period - Minor Penalty to Mark Recchi for Hooking.
12:57 of 2nd period - Martin Straka wins face-off versus David Legwand in neutral zone.
13:06 of 2nd period - Shot by Alexei Kovalev.
13:06 of 2nd period - Shot Misses the Net.
13:22 of 2nd period - Icing by Kimmo Timonen.
13:23 of 2nd period - David Legwand wins face-off versus Martin Straka in Predators zone.
13:25 of 2nd period - Icing by Paul Kariya.
13:26 of 2nd period - David Legwand wins face-off versus Pavol Demitra in Predators zone.
13:33 of 2nd period - Shot by David Legwand.
13:33 of 2nd period - Stopped by Manny Fernandez with a rebound.
13:34 of 2nd period - Shot by David Legwand.
13:34 of 2nd period - Stopped by Manny Fernandez with a rebound.
14:37 of 2nd period - Shot by Pavol Demitra.
14:37 of 2nd period - Stopped by Tomas Vokoun without a rebound.
14:38 of 2nd period - David Legwand wins face-off versus Marian Gaborik in Predators zone.
14:51 of 2nd period - Shot by Brad Boyes.
14:51 of 2nd period - Stopped by Manny Fernandez without a rebound.
14:52 of 2nd period - David Legwand wins face-off versus Brian Rolston in Wild zone.
15:14 of 2nd period - Minor Penalty to Darcy Hordichuk for Delaying the game.
15:15 of 2nd period - Martin Straka wins face-off versus Todd Bertuzzi in Predators zone.
15:20 of 2nd period - Shot by Martin Rucinsky.
15:20 of 2nd period - Shot Misses the Net.
15:38 of 2nd period - Icing by Brent Burns.
15:39 of 2nd period - Mark Recchi wins face-off versus Todd Bertuzzi in Wild zone.
15:41 of 2nd period - Icing by Brent Burns.
15:42 of 2nd period - Todd Bertuzzi wins face-off versus Martin Straka in Wild zone.
16:11 of 2nd period - Shot by Todd Bertuzzi.
16:11 of 2nd period - Stopped by Manny Fernandez without a rebound.
16:12 of 2nd period - Pavol Demitra wins face-off versus Keith Primeau in Wild zone.
16:29 of 2nd period - Shot by Marian Gaborik.
16:29 of 2nd period - Shot Misses the Net.
16:30 of 2nd period - Shot by Kim Johnsson.
16:30 of 2nd period - Shot Misses the Net.
16:31 of 2nd period - Shot by Lubomir Visnovsky.
16:31 of 2nd period - Stopped by Tomas Vokoun without a rebound.
16:32 of 2nd period - Keith Primeau wins face-off versus Pavol Demitra in Predators zone.
17:01 of 2nd period - Shot by Pavol Demitra.
17:01 of 2nd period - Deflect By Alexei Kovalev.
17:01 of 2nd period - Goal by Alexei Kovalev - Wild : 4 - Predators : 1.
17:02 of 2nd period - Wes Walz wins face-off versus David Legwand in neutral zone.
17:14 of 2nd period - Icing by Todd Bertuzzi.
17:15 of 2nd period - David Legwand wins face-off versus Martin Straka in Predators zone.
17:40 of 2nd period - Shot by Todd Bertuzzi.
17:40 of 2nd period - Shot Misses the Net.
17:58 of 2nd period - Scott Hartnell is hit by Nick Schultz and loses puck.
18:02 of 2nd period - Shot by Steve Sullivan.
18:02 of 2nd period - Shot Misses the Net.
18:05 of 2nd period - Shot by Steve Sullivan.
18:05 of 2nd period - Shot Blocked by Nick Schultz.
18:06 of 2nd period - Shot by Steve Sullivan.
18:06 of 2nd period - Shot Misses the Net.
18:25 of 2nd period - Shot by Steve Sullivan.
18:25 of 2nd period - Stopped by Manny Fernandez without a rebound.
18:26 of 2nd period - Jason Arnott wins face-off versus Brian Rolston in Wild zone.
18:49 of 2nd period - Shot by Marian Gaborik.
18:49 of 2nd period - Stopped by Tomas Vokoun with a rebound.
18:50 of 2nd period - Shot by Lubomir Visnovsky.
18:50 of 2nd period - Shot Misses the Net.
18:53 of 2nd period - Shot by Brian Rolston.
18:53 of 2nd period - Shot Misses the Net.
18:54 of 2nd period - Shot by Lubomir Visnovsky.
18:54 of 2nd period - Stopped by Tomas Vokoun without a rebound.
18:55 of 2nd period - Wes Walz wins face-off versus David Legwand in Predators zone.
19:10 of 2nd period - Shot by Alexei Kovalev.
19:10 of 2nd period - Deflect By Wes Walz.
19:10 of 2nd period - Stopped by Tomas Vokoun without a rebound.
19:11 of 2nd period - Wes Walz wins face-off versus Keith Primeau in Predators zone.
19:15 of 2nd period - Martin Rucinsky is hit by Darcy Hordichuk and loses puck.
19:30 of 2nd period - Icing by Derek Morris.
19:31 of 2nd period - Keith Primeau wins face-off versus Pavol Demitra in Predators zone.

Period #3

0:01 of 3rd period - Jason Arnott wins face-off versus Pavol Demitra in neutral zone.
0:24 of 3rd period - Shot by Paul Kariya.
0:24 of 3rd period - Deflect By Brad Boyes.
0:24 of 3rd period - Shot Misses the Net.
0:25 of 3rd period - Shot by Kimmo Timonen.
0:25 of 3rd period - Shot Blocked by Kim Johnsson.
0:28 of 3rd period - Shot by Brad Boyes.
0:28 of 3rd period - Shot Misses the Net.
0:29 of 3rd period - Shot by Kimmo Timonen.
0:29 of 3rd period - Stopped by Manny Fernandez without a rebound.
0:30 of 3rd period - David Legwand wins face-off versus Alexei Kovalev in Wild zone.
0:43 of 3rd period - Shot by David Legwand.
0:43 of 3rd period - Stopped by Manny Fernandez without a rebound.
0:44 of 3rd period - Yanic Perreault wins face-off versus Martin Straka in Wild zone.
1:08 of 3rd period - Major Penalty to Scott Hartnell for Kneeing.
1:09 of 3rd period - Keith Primeau wins face-off versus Pavol Demitra in Predators zone.
2:08 of 3rd period - Shot by Martin Straka.
2:08 of 3rd period - Deflect By Martin Rucinsky.
2:08 of 3rd period - Shot Blocked by Shea Weber.
2:13 of 3rd period - Shot by Martin Straka.
2:13 of 3rd period - Shot Blocked by Zbynek Michalek.
2:14 of 3rd period - Shot by Eric Brewer.
2:14 of 3rd period - Shot Misses the Net.
4:55 of 3rd period - Shot by Marek Zidlicky.
4:55 of 3rd period - Stopped by Manny Fernandez without a rebound.
4:56 of 3rd period - Martin Straka wins face-off versus Todd Bertuzzi in Wild zone.
5:57 of 3rd period - Shot by Alexei Kovalev.
5:57 of 3rd period - Stopped by Tomas Vokoun without a rebound.
5:58 of 3rd period - Todd Bertuzzi wins face-off versus Brian Rolston in Predators zone.
6:12 of 3rd period - Wes Walz is hit by David Legwand and loses puck.
6:49 of 3rd period - Icing by David Legwand.
6:50 of 3rd period - David Legwand wins face-off versus Pavol Demitra in Predators zone.
7:23 of 3rd period - Shot by Kimmo Timonen.
7:23 of 3rd period - Shot Misses the Net.
7:26 of 3rd period - Shot by Jason Arnott.
7:26 of 3rd period - Stopped by Manny Fernandez with a rebound.
7:39 of 3rd period - Shot by Paul Kariya.
7:39 of 3rd period - Shot Misses the Net.
7:55 of 3rd period - Steve Sullivan is hit by Martin Skoula and loses puck.
8:03 of 3rd period - Shot by Alexei Kovalev.
8:03 of 3rd period - Deflect By Martin Rucinsky.
8:03 of 3rd period - Shot Misses the Net.
8:04 of 3rd period - Shot by Martin Rucinsky.
8:04 of 3rd period - Shot Misses the Net.
8:05 of 3rd period - Shot by Wes Walz.
8:05 of 3rd period - Stopped by Tomas Vokoun with a rebound.
8:08 of 3rd period - Shot by Wes Walz.
8:08 of 3rd period - Shot Misses the Net.
8:09 of 3rd period - Shot by Keith Carney.
8:09 of 3rd period - Shot Blocked by Shea Weber.
8:41 of 3rd period - Kimmo Timonen is hit by Keith Carney and loses puck.
9:39 of 3rd period - Shot by Marek Zidlicky.
9:39 of 3rd period - Stopped by Manny Fernandez without a rebound.
9:40 of 3rd period - Yanic Perreault wins face-off versus Brian Rolston in Wild zone.
10:06 of 3rd period - Icing by Shea Weber.
10:07 of 3rd period - Yanic Perreault wins face-off versus Wes Walz in Predators zone.
10:12 of 3rd period - Shot by Steve Sullivan.
10:12 of 3rd period - Stopped by Manny Fernandez without a rebound.
10:13 of 3rd period - Wes Walz wins face-off versus Todd Bertuzzi in Wild zone.
10:13 of 3rd period - Martin Rucinsky is hit by David Legwand and loses puck.
10:44 of 3rd period - Martin Rucinsky is hit by David Legwand and loses puck.
10:50 of 3rd period - Shot by Todd Bertuzzi.
10:50 of 3rd period - Shot Misses the Net.
12:13 of 3rd period - Shot by Steve Sullivan.
12:13 of 3rd period - Shot Blocked by Martin Rucinsky.
12:30 of 3rd period - Shot by Todd Bertuzzi.
12:30 of 3rd period - Shot Misses the Net.
12:51 of 3rd period - Shot by Marian Gaborik.
12:51 of 3rd period - Shot Blocked by Tomas Kaberle.
12:56 of 3rd period - Shot by Marian Gaborik.
12:56 of 3rd period - Stopped by Tomas Vokoun without a rebound.
12:57 of 3rd period - Jason Arnott wins face-off versus Martin Straka in Predators zone.
13:10 of 3rd period - Shot by Paul Kariya.
13:10 of 3rd period - Shot Misses the Net.
13:48 of 3rd period - Minor Penalty to Nick Schultz for Cross-checking.
13:49 of 3rd period - David Legwand wins face-off versus Pavol Demitra in neutral zone.
14:34 of 3rd period - Shot by Paul Kariya.
14:34 of 3rd period - Shot Blocked by Lubomir Visnovsky.
14:35 of 3rd period - Shot by Zbynek Michalek.
14:35 of 3rd period - Stopped by Manny Fernandez without a rebound.
14:36 of 3rd period - Brian Rolston wins face-off versus Jason Arnott in Wild zone.
14:50 of 3rd period - Off-side.
14:51 of 3rd period - Keith Primeau wins face-off versus Marian Gaborik in neutral zone.
14:58 of 3rd period - Shot by Steve Sullivan.
14:58 of 3rd period - Shot Misses the Net.
15:37 of 3rd period - Shot by Todd Bertuzzi.
15:37 of 3rd period - Stopped by Manny Fernandez with a rebound.
15:38 of 3rd period - Shot by Derek Morris.
15:38 of 3rd period - Stopped by Manny Fernandez with a rebound.
15:43 of 3rd period - Shot by Paul Kariya.
15:43 of 3rd period - Goal by Paul Kariya - Wild : 4 - Predators : 2.
15:44 of 3rd period - Martin Straka wins face-off versus Todd Bertuzzi in neutral zone.
16:03 of 3rd period - Shot by Martin Straka.
16:03 of 3rd period - Shot Misses the Net.
16:06 of 3rd period - Shot by Mark Recchi.
16:06 of 3rd period - Shot Misses the Net.
16:11 of 3rd period - Shot by Pierre-Marc Bouchard.
16:11 of 3rd period - Shot Blocked by Zbynek Michalek.
16:16 of 3rd period - Shot by Pierre-Marc Bouchard.
16:16 of 3rd period - Stopped by Tomas Vokoun without a rebound.
16:17 of 3rd period - Darcy Hordichuk wins face-off versus Marian Gaborik in Predators zone.
16:29 of 3rd period - Pavol Demitra is hit by Mike Grier and loses puck.
16:33 of 3rd period - Shot by Marian Gaborik.
16:33 of 3rd period - Shot Hit the Post.
16:37 of 3rd period - Pavol Demitra is hit by Mike Grier and loses puck.
17:14 of 3rd period - Icing by Nick Schultz.
17:15 of 3rd period - Martin Straka wins face-off versus David Legwand in Wild zone.
17:15 of 3rd period - Minor Penalty to David Legwand for Charging.
17:16 of 3rd period - Todd Bertuzzi wins face-off versus Martin Straka in Wild zone.
18:07 of 3rd period - Shot by Pavol Demitra.
18:07 of 3rd period - Deflect By Alexei Kovalev.
18:07 of 3rd period - Shot Misses the Net.
18:15 of 3rd period - Icing by Lubomir Visnovsky.
18:16 of 3rd period - Pavol Demitra wins face-off versus Paul Kariya in Wild zone.
19:26 of 3rd period - Off-side.
19:27 of 3rd period - Yanic Perreault wins face-off versus Wes Walz in neutral zone.
19:27 of 3rd period - Scott Hartnell is hit by Keith Carney and loses puck.
19:48 of 3rd period - Major Penalty to Shea Weber for Kneeing.
19:49 of 3rd period - Keith Primeau wins face-off versus Alexei Kovalev in Predators zone.


Output by the SimonT Hockey Simulator (STHS) for Stephane Roy -- Original Page W3C XHTML 1.0 Valid